 Dungeon Crawl Stone Soup version 0.30.1-4-g462c640d31 (webtiles) character file.

Game seed: 856774824310545971

384 HagarQim the Ogre Mage (level 6, -6/54 HPs)
             Began as an Ogre Fire Elementalist on Aug 24, 2023.
             Mangled by Duvessa
             ... wielding a +0 short sword
              (14 damage)
             ... on level 4 of the Dungeon.
             The game lasted 00:10:41 (3571 turns).

HagarQim the Ogre Mage (Ogre Fire Elementalist)     Turns: 3571, Time: 00:10:42

Health: -6/54      AC:  4    Str: 13    XL:     6   Next: 77%
Magic:  13/13      EV: 10    Int: 18    God:
Gold:   215        SH:  0    Dex:  9    Spells: 12/15 levels left

rFire   . . .        f - +0 dagger (elec)
rCold   . . .        (no shield)
rNeg    . . .        a - +0 robe
rPois   .            (helmet restricted)
rElec   .            n - +0 cloak
rCorr   .            (gloves unavailable)
SInv    .            (boots unavailable)
Will    .....        (no amulet)
Stlth   ++           (no ring)
HPRegen 0.29/turn    (no ring)
MPRegen 0.13/turn

%: no passive effects
@: very slightly contaminated
A: large, unfitting armour, tough skin 1
a: no special abilities


You were on level 4 of the Dungeon.
You visited 1 branch of the dungeon, and saw 4 of its levels.

You collected 215 gold pieces.

Inventory:

Hand Weapons
 f - a +0 dagger of electrocution (weapon)
 j - a +1 heavy mace
Armour
 a - a +0 robe (worn)
 n - a +0 cloak (worn)
Jewellery
 e - a ring of willpower
Wands
 o - a wand of polymorph (5)
Scrolls
 m - 2 scrolls of teleportation
Potions
 c - 2 potions of flight
 d - a potion of curing {unknown}
 g - a potion of might
 h - 2 potions of heal wounds
 i - a potion of mutation {unknown}
 k - 3 potions of haste {unknown}
 l - a potion of attraction {unknown}


   Skills:
 + Level 0.5 Fighting
 + Level 0.4 Short Blades
 + Level 2.1 Dodging
 + Level 1.6 Stealth
 + Level 0.9 Unarmed Combat
 + Level 5.1 Spellcasting
 * Level 2.6 Conjurations
 + Level 4.2 Fire Magic


You had 12 spell levels left.
You knew the following spells:

 Your Spells              Type           Power      Damage    Failure   Level
a - Foxfire               Conj/Fire      64%        2x1d7     3%          1
b - Scorch                Fire           38%        2d7       3%          2

Your spell library contained the following spells:

 Spells                   Type           Power      Damage    Failure   Level
 Inner Flame              Hex/Fire       12%        N/A       17%         3
 Volatile Blastmotes      Fire/Tloc      24%        2d12      17%         3
 Flame Wave               Conj/Fire      16%        2d7       32%         4


Dungeon Overview and Level Annotations

Branches:
Dungeon (4/15)
 Temple: D:4-7

Altars:

Annotations:
D:3 Terence
D:4 Duvessa


Innate Abilities, Weirdness & Mutations

You are too large for most types of armour.
You have tough skin. (AC +1)


Message History

Confirm with . or Enter, or press ? or * to list all spells.
You conjure some foxfire!
Duvessa goes berserk!
The foxfire hits Duvessa but does no damage. x2
Casting: Foxfire (safe; 3% risk of failure)
Confirm with . or Enter, or press ? or * to list all spells.
You conjure some foxfire!
The foxfire hits Duvessa!
Duvessa is lightly wounded.
The foxfire hits Duvessa.
Duvessa is moderately wounded.
You hear a shout!
Casting: Foxfire (safe; 3% risk of failure)
Confirm with . or Enter, or press ? or * to list all spells.
Flames lash Duvessa but do no damage.
Casting: Scorch (safe; 3% risk of failure)
Confirm with . or Enter, or press ? or * to list all spells.
Flames lash Duvessa but do no damage.
Duvessa closely misses you.
Casting: Scorch (safe; 3% risk of failure)
Confirm with . or Enter, or press ? or * to list all spells.
You miscast Scorch.
You are very lightly contaminated with residual magic.
Nothing appears to happen.
Duvessa hits you with a +0 short sword! Duvessa attacks as you move away!
Duvessa hits you with a +0 short sword.
Duvessa rages.
Duvessa hits you with a +0 short sword!
Casting: Scorch (safe; 3% risk of failure)
Confirm with . or Enter, or press ? or * to list all spells.
Flames lash Duvessa.
Duvessa is moderately wounded.
Duvessa's fire resistance burns away.
Duvessa hits you with a +0 short sword! Duvessa barely misses you.
Casting: Scorch (safe; 3% risk of failure)
Confirm with . or Enter, or press ? or * to list all spells.
Flames lash Duvessa.
Duvessa is burned terribly!
Duvessa is heavily wounded.
Duvessa hits you with a +0 short sword! Magic courses through your body.
Duvessa hits you with a +0 short sword!
* * * LOW HITPOINT WARNING * * *
Duvessa hits you with a +0 short sword!
You die...

#..# ##..## ##...### .. #..#
#...# ##......
..##..##########..###.......
...#..##..................##
....<.....................#
..........................#
..........................#
..........................#
..............e@.........###..##
..)...........##.....###.....###
...r..........#..###..#.......#.
...........g.....)#.............
..S..........#.........#.....#..
.......##...##.........##...##..
.......#.....#.........#.....#..
.......รท..........#.............
.....>#.......#..###..#.......#.


You could see Duvessa (berserk, combustible) and a gnoll.

Vanquished Creatures
  An ogre (D:4)
  Dowan (D:4)
  2 hounds (D:4)
  A gnoll bouda (D:4)
  A sleepcap (D:3)
  2 gnolls (D:4)
  6 adders
  A dart slug (D:2)
  4 bats
  3 endoplasms
  A giant cockroach (D:2)
  9 goblins
  6 hobgoblins
  5 jackals
  6 kobolds
  3 quokkas
  2 ball pythons
  4 frilled lizards
  4 rats
62 creatures vanquished.

Vanquished Creatures (others)
  82 foxfires
82 creatures vanquished.

Grand Total: 144 creatures vanquished

Notes
Turn   | Place    | Note
-------+----------+-------------------------------------------
     0 | D:1      | HagarQim the Ogre Fire Elementalist began the quest for the
                  | Orb.
     0 | D:1      | Reached XP level 1. HP: 16/16 MP: 3/3
   174 | D:1      | Reached XP level 2. HP: 24/24 MP: 2/5
   179 | D:1      | Learned a level 2 spell: Scorch
   992 | D:2      | Reached skill level 3 in Spellcasting
   992 | D:2      | Reached XP level 3. HP: 31/31 MP: 1/7
  1346 | D:2      | Reached skill level 1 in Conjurations
  1386 | D:2      | Reached XP level 4. HP: 39/39 MP: 3/9
  2307 | D:3      | Reached XP level 5. HP: 44/46 MP: 0/10
  2492 | D:3      | Noticed Terence
  2930 | D:4      | Noticed an ogre
  2940 | D:4      | Killed an ogre
  2941 | D:4      | Reached skill level 4 in Spellcasting
  2941 | D:4      | Reached XP level 6. HP: 54/54 MP: 3/12
  3158 | D:4      | Noticed Dowan
  3209 | D:4      | Killed Dowan
  3418 | D:4      | Reached skill level 5 in Spellcasting
  3559 | D:4      | Noticed Duvessa
  3571 | D:4      | Mangled by Duvessa

Illustrated notes

Levels and vault maps discovered:
D:1:      dpeg_arrival_tiny_e, layout_loops_ring
D:2:      layout_basic, minmay_statues_item, minmay_mini_jars
D:3:      layout_basic, shapermc_ecumenical_altar_mp_highgroup,
          chequers_serial_rivers_micro_a, uniq_terence
D:4:      nicolae_cairo_tiling_large_dashed, layout_layer_cave,
          ebering_ghost_sewer_f, dk_rats_in_the_wall, uniq_duvessa

Skill      XL: |  1  2  3  4  5  6 |
---------------+-------------------+-----
Fire Magic     | 3 4 |  4.2
Dodging        | 2 |  2.1
Spellcasting   | 3 4 5 |  5.1
Conjurations   | 1 2 |  2.6
Fighting       | |  0.5
Short Blades   | |  0.4
Stealth        | |  1.6
Unarmed Combat | |  0.9

Action                     |  1- 3 |  4- 6 || total
---------------------------+-------+-------++-------
  Melee: Unarmed           |    15 |       ||    15
         Dagger            |     8 |    32 ||    40
         Punch             |     1 |       ||     1
   Cast: Foxfire           |    35 |    15 ||    50
         Scorch            |    10 |    41 ||    51
    Use: Scroll            |     1 |     4 ||     5
         Potion            |       |     1 ||     1
   Stab: Sleeping          |       |     1 ||     1
 Armour: Robe              |    15 |     9 ||    24
  Dodge: Dodged            |    25 |    22 ||    47
